[Event "Titled Tuesday Blitz November 15 Early 2022"]
[White "Fernandez De La Vara, Arnaldo"]
[Black "Przybylski, Wojciech"]
[WhiteFideId "3518388"]
[BlackFideId "1117599"]
[WhiteElo "2387"]
[BlackElo "2221"]
[Result "1-0"]
[Round "11"]
[TimeControl "180+1"]
[Date "2022.11.16"]
[WhiteClock "0:01:33"]
[BlackClock "0:00:11"]

1. Nf3 Nf6 2. g3 d5 3. b3 a5 4. Bg2 a4 5. bxa4 c6 6. c4 dxc4 7. Na3 Be6 8. Ng5 Bd5 9. e4 h6 10. exd5 hxg5 11. dxc6 Nxc6 12. Nxc4 Qd4 13. Qb3 Qxa1 14. O-O Nd7 15. Bb2 Nc5 16. Qb5 Qxa2 17. Bxc6+ Kd8 18. Qxc5 bxc6 19. Qb6+ Kd7 20. Qb7+ Ke6 21. Qxc6+ Kf5 22. Ne3# 1-0


[Site "https://www.chess.com"]

[Event "Titled Tuesday Blitz November 15 Early 2022"]
[White "Fernandez Guillen, Ernesto J."]
[Black "Pranav, V"]
[WhiteFideId "3512428"]
[BlackFideId "25060783"]
[WhiteElo "2450"]
[BlackElo "2430"]
[Result "0-1"]
[Round "11"]
[TimeControl "180+1"]
[Date "2022.11.15"]
[WhiteClock "0:00:01"]
[BlackClock "0:01:30"]

1. e4 e5 2. Nf3 Nc6 3. d4 exd4 4. Bc4 Nf6 5. O-O Nxe4 6. Re1 d5 7. Bxd5 Qxd5 8. Nc3 Qa5 9. Nxe4 Be6 10. Bd2 Qd5 11. Bg5 d3 12. c4 Qxc4 13. Rc1 Qd5 14. Rc3 Bb4 15. Rxd3 Qa5 16. Ree3 O-O 17. a3 Be7 18. b4 Qf5 19. Nd4 Nxd4 20. Bxe7 Rfe8 21. Bf6 Bb3 22. Rxb3 Nxb3 23. Rg3 Rxe4 24. Bxg7 h5 25. Bb2+ Rg4 26. Rxb3 Re8 27. g3 h4 28. Rd3 h3 29. Bc3 Rge4 30. Kf1 R4e6 31. Re3 Rxe3 0-1


[Site "https://www.chess.com"]

[Event "Titled Tuesday Blitz November 15 Early 2022"]
[White "Fiol, Fabrice"]
[Black "Izuzquiza Gonzalez, Javier"]
[WhiteFideId "611670"]
[BlackFideId "3101029"]
[WhiteElo "2404"]
[BlackElo "2034"]
[Result "1-0"]
[Round "11"]
[TimeControl "180+1"]
[Date "2022.11.16"]
[WhiteClock "0:00:55"]
[BlackClock "0:00:02"]

1. e4 c5 2. Nf3 e6 3. d4 cxd4 4. Nxd4 a6 5. Bd3 Nf6 6. Qe2 d6 7. c4 Qc7 8. Nc3 g6 9. Nf3 Bg7 10. h3 Nc6 11. Be3 O-O 12. Rc1 Qe7 13. O-O Nd7 14. b3 Nc5 15. Bb1 b6 16. Rfd1 Bb7 17. Bf4 Ne5 18. b4 Ncd7 19. a3 Rac8 20. Ba2 Rfd8 21. Be3 Nxf3+ 22. Qxf3 Ne5 23. Qe2 Qc7 24. Na4 Nd7 25. f3 Bc6 26. Nc3 Ne5 27. Qf2 Rb8 28. Nd5 Bxd5 29. cxd5 Qe7 30. Bxb6 Rdc8 31. Rxc8+ Rxc8 32. dxe6 fxe6 33. f4 Nc4 34. Bd4 e5 35. fxe5 dxe5 36. Bc5 Qe6 37. Rd6 1-0


[Site "https://www.chess.com"]

[Event "Titled Tuesday Blitz November 15 Early 2022"]
[White "Flis, Pawel"]
[Black "Koridze, Lile"]
[WhiteFideId "1112864"]
[BlackFideId "13612514"]
[WhiteElo "1817"]
[BlackElo "2050"]
[Result "0-1"]
[Round "11"]
[TimeControl "180+1"]
[Date "2022.11.16"]
[WhiteClock "0:00:05"]
[BlackClock "0:00:06"]

1. e4 c5 2. Nf3 d6 3. d4 cxd4 4. Nxd4 Nf6 5. Nc3 a6 6. Bg5 Nbd7 7. f4 e5 8. Nf3 Qb6 9. Bxf6 Nxf6 10. fxe5 dxe5 11. Nd5 Nxd5 12. Qxd5 Qxb2 13. Qxe5+ Qxe5 14. Nxe5 Bb4+ 15. Kd1 Bc3 16. Nxf7 Kxf7 17. Bc4+ Ke7 18. Rb1 Bg4+ 19. Be2 Rad8+ 20. Kc1 Bxe2 21. Rxb7+ Ke6 22. Rb3 Bd2+ 23. Kb1 Rb8 24. h4 Bc4 25. Rb2 Rxb2+ 26. Kxb2 Rb8+ 27. Ka3 Bc3 28. Rh3 Bb4+ 29. Kb2 Bd2+ 30. Ka3 Bc1+ 31. Ka4 Ke5 32. Rg3 g6 33. Rg4 Bd2 34. h5 Rb2 35. a3 Bb5# 0-1


[Site "https://www.chess.com"]

[Event "Titled Tuesday Blitz November 15 Early 2022"]
[White "Forgacs, Attila Jr."]
[Black "Tan, Jun Ying"]
[WhiteFideId "773654"]
[BlackFideId "5710413"]
[WhiteElo "2168"]
[BlackElo "2089"]
[Result "1-0"]
[Round "11"]
[TimeControl "180+1"]
[Date "2022.11.16"]
[WhiteClock "0:00:36"]
[BlackClock "0:01:01"]

1. e4 c6 2. d4 d5 3. Nc3 dxe4 4. Nxe4 Nf6 5. Nxf6+ exf6 6. c3 Bd6 7. Bd3 O-O 8. Qc2 Re8+ 9. Ne2 h5 10. Be3 Nd7 11. O-O-O Nf8 12. h3 h4 13. Qd2 Be6 14. Kb1 Ng6 15. g3 hxg3 16. Nxg3 b5 17. h4 b4 18. c4 Qb8 19. Nf5 Bxf5 20. Bxf5 Nf4 21. Bc2 a5 22. Bxf4 Bxf4 23. Qd3 Kf8 24. Qh7 Bh6 25. Rhe1 Re6 26. Bf5 Ke7 27. Bxe6 fxe6 28. d5 cxd5 29. cxd5 e5 30. d6+ Ke6 31. Qe4 Ra7 32. Qd5+ Kf5 33. d7 Qd8 34. Rg1 Rc7 35. Qd3+ Ke6 36. Qd6+ Kf5 37. Qxc7 Qxc7 38. d8=Q Qc5 39. Qd7+ Kf4 40. Qg4# 1-0


[Site "https://www.chess.com"]

[Event "Titled Tuesday Blitz November 15 Early 2022"]
[White "Gabdrakhmanov, Azat"]
[Black "Gheorghiu, Calin"]
[WhiteFideId "34189197"]
[BlackFideId "1200305"]
[WhiteElo "2254"]
[BlackElo "2225"]
[Result "1-0"]
[Round "11"]
[TimeControl "180+1"]
[Date "2022.11.15"]
[WhiteClock "0:00:05"]
[BlackClock "0:00:01"]

1. e4 e6 2. d3 d5 3. Nd2 c5 4. g3 Nc6 5. Bg2 Bd6 6. Ngf3 Nge7 7. O-O O-O 8. Re1 Qc7 9. Qe2 f6 10. Nf1 Bd7 11. h4 b5 12. h5 Nd4 13. Nxd4 cxd4 14. h6 g6 15. c3 dxc3 16. bxc3 Qxc3 17. Bb2 Qa5 18. Ne3 dxe4 19. dxe4 Bc6 20. Red1 Bc5 21. Rac1 Qb6 22. Ng4 e5 23. Qf3 Bb7 24. Rd7 Bc8 25. Qb3+ Kh8 26. Nxe5 Bxf2+ 27. Kh1 Bxd7 28. Nxd7 Qe3 29. Qxe3 Bxe3 30. Re1 Bg5 31. Nxf8 Rxf8 32. e5 Nf5 33. exf6 Bxh6 34. f7+ Bg7 35. Re8 h6 36. Rxf8+ Kh7 37. Re8 1-0


[Site "https://www.chess.com"]

[Event "Titled Tuesday Blitz November 15 Early 2022"]
[White "Gabrielian, Artur"]
[Black "Indjic, Aleksandar"]
[WhiteFideId "4131002"]
[BlackFideId "911925"]
[WhiteElo "2432"]
[BlackElo "2592"]
[Result "0-1"]
[Round "11"]
[TimeControl "180+1"]
[Date "2022.11.15"]
[WhiteClock "0:00:15"]
[BlackClock "0:01:15"]

1. e4 d6 2. d4 Nf6 3. Nc3 e5 4. Nf3 Nbd7 5. Bc4 Be7 6. O-O c6 7. a4 h6 8. h3 Qc7 9. Be3 g5 10. dxe5 dxe5 11. Nd2 Nf8 12. a5 Ng6 13. Be2 Be6 14. Nc4 Nf4 15. Bxf4 gxf4 16. Bd3 Rg8 17. Kh1 O-O-O 18. Qe2 Kb8 19. Rab1 Rg5 20. b4 Rdg8 21. Rg1 Qc8 22. Kh2 Rh5 23. b5 Bxc4 24. Bxc4 Rxg2+ 0-1


[Site "https://www.chess.com"]

[Event "Titled Tuesday Blitz November 15 Early 2022"]
[White "Galchenko, Matvey"]
[Black "Zemlyanskii, Ivan"]
[WhiteFideId "24175480"]
[BlackFideId "24249971"]
[WhiteElo "2403"]
[BlackElo "2107"]
[Result "1-0"]
[Round "11"]
[TimeControl "180+1"]
[Date "2022.11.15"]
[WhiteClock "0:00:32"]
[BlackClock "0:00:13"]

1. f4 d5 2. Nf3 Nc6 3. g3 h5 4. d3 h4 5. Nxh4 Rxh4 6. gxh4 e5 7. Be3 Nh6 8. h3 Be7 9. c3 Bxh4+ 10. Kd2 Nf5 11. Bg1 exf4 12. Na3 Bg5 13. Kc2 d4 14. Bg2 Be6 15. Bf2 Bh4 16. Bg1 Bd5 17. Be4 Ng3 18. Bxd5 Qxd5 19. Rh2 Nf5 20. Qf1 Bg3 21. Qg2 Qc5 22. Rc1 Bxh2 23. Qxh2 g5 24. Kb1 Qd5 25. cxd4 O-O-O 26. h4 1-0


[Site "https://www.chess.com"]

[Event "Titled Tuesday Blitz November 15 Early 2022"]
[White "Ghosh, Chanchal Kumer"]
[Black "Cramling Bellon, Anna"]
[WhiteFideId "10201858"]
[BlackFideId "32009232"]
[WhiteElo "2058"]
[BlackElo "1972"]
[Result "1-0"]
[Round "11"]
[TimeControl "180+1"]
[Date "2022.11.16"]
[WhiteClock "0:00:53"]
[BlackClock "0:00:03"]

1. e4 c5 2. Nf3 e6 3. d4 cxd4 4. Nxd4 Nf6 5. Nc3 Nc6 6. Be2 Bb4 7. f3 d5 8. Nxc6 bxc6 9. e5 Nd7 10. f4 Qb6 11. Qd3 d4 12. a3 Nc5 13. Qxd4 Bxc3+ 14. bxc3 O-O 15. Be3 Qb2 16. O-O Na4 17. Qxa4 Qxc3 18. Qb3 Qa5 19. Bd3 c5 20. Qc4 Bb7 21. Qxc5 Qd8 22. Qd4 Qe7 23. f5 Rfd8 24. Qf4 exf5 25. Qxf5 g6 26. Qf6 Qe8 27. Bh6 Qf8 28. Bxf8 Rxf8 29. e6 fxe6 30. Qxe6+ Kg7 31. Qe7+ Kh6 32. Rxf8 1-0


[Site "https://www.chess.com"]

[Event "Titled Tuesday Blitz November 15 Early 2022"]
[White "Ginzburg, Yakov"]
[Black "Santos Ruiz, Miguel"]
[WhiteFideId "4157176"]
[BlackFideId "22291482"]
[WhiteElo "2305"]
[BlackElo "2503"]
[Result "0-1"]
[Round "11"]
[TimeControl "180+1"]
[Date "2022.11.15"]
[WhiteClock "0:00:05"]
[BlackClock "0:01:14"]

1. e4 c5 2. Nf3 Qc7 3. c3 g6 4. h4 Bg7 5. h5 gxh5 6. Rxh5 Nf6 7. Rh4 h5 8. d4 Ng4 9. e5 d6 10. Bb5+ Bd7 11. Bxd7+ Nxd7 12. e6 fxe6 13. Ng5 Nf8 14. Qf3 Bf6 15. d5 exd5 16. Qxd5 Qc6 17. Qf7+ Kd7 18. f3 Ne5 19. Qb3 c4 20. Qc2 Nd3+ 21. Kf1 Ne6 22. Nxe6 Bxh4 23. Nd4 Qd5 24. Be3 Bf6 25. Nd2 h4 26. Ne4 h3 27. Qa4+ b5 28. Nxb5 Qc6 29. gxh3 a6 0-1


[Site "https://www.chess.com"]

[Event "Titled Tuesday Blitz November 15 Early 2022"]
[White "Gjestemoen-VonHirsch, Andre"]
[Black "Ovchinnikov, Vsevolod"]
[WhiteFideId "1539531"]
[BlackFideId "24176842"]
[WhiteElo "2198"]
[BlackElo "2376"]
[Result "0-1"]
[Round "11"]
[TimeControl "180+1"]
[Date "2022.11.16"]
[WhiteClock "0:00:03"]
[BlackClock "0:00:48"]

1. b3 d5 2. Bb2 Bf5 3. e3 e6 4. Nf3 Nf6 5. d3 h6 6. Nbd2 Nbd7 7. Be2 Bd6 8. c4 c6 9. a3 Qe7 10. Qc2 Bh7 11. b4 e5 12. e4 dxe4 13. dxe4 c5 14. b5 a6 15. a4 O-O 16. O-O Rfd8 17. Rfd1 Nf8 18. Ne1 Ne6 19. f3 Nd4 20. Bxd4 exd4 21. Nd3 Nh5 22. Nf1 g5 23. Re1 Re8 24. g3 Bg6 25. Qd2 Qc7 26. Kg2 Re7 27. Rab1 Rae8 28. bxa6 bxa6 29. a5 f5 30. exf5 Bxf5 31. g4 Bxd3 32. Bxd3 Nf4+ 33. Kg1 Rxe1 34. Rxe1 Rxe1 35. Qxe1 Nxd3 36. Qe8+ Kg7 37. Ng3 Bxg3 0-1


[Site "https://www.chess.com"]

[Event "Titled Tuesday Blitz November 15 Early 2022"]
[White "Gokerkan, Cem Kaan"]
[Black "Durarbayli, Vasif"]
[WhiteFideId "6336760"]
[BlackFideId "13402935"]
[WhiteElo "2365"]
[BlackElo "2586"]
[Result "1/2-1/2"]
[Round "11"]
[TimeControl "180+1"]
[Date "2022.11.15"]
[WhiteClock "0:00:07"]
[BlackClock "0:00:04"]

1. e4 c5 2. c3 d6 3. d4 Nd7 4. Nf3 g6 5. Bc4 Bg7 6. O-O Qc7 7. Qe2 Nb6 8. Bd3 Bg4 9. h3 Bxf3 10. Bb5+ Kf8 11. Qxf3 cxd4 12. cxd4 Bxd4 13. Nc3 Kg7 14. Bd2 a6 15. Be2 Nf6 16. Rac1 Qd7 17. Rfd1 Rhc8 18. Bg5 Be5 19. Qe3 Nc4 20. Bxc4 Rxc4 21. Bxf6+ exf6 22. Nd5 Rxc1 23. Rxc1 Rc8 24. Rd1 Rc2 25. b3 Rxa2 26. f4 Ra1 27. Qe2 Bb2 28. Kh2 Rxd1 29. Qxd1 Qc6 30. Qd2 Qc1 31. Qb4 b5 32. Qxd6 Bd4 33. e5 Qg1+ 34. Kg3 fxe5 35. Qf6+ Kh6 36. Qh4+ Kg7 37. Qf6+ Kg8 38. Qd8+ Kg7 39. Qf6+ 1/2-1/2


[Site "https://www.chess.com"]

[Event "Titled Tuesday Blitz November 15 Early 2022"]
[White "Goltseva, Ekaterina"]
[Black "Harshavardhan G B"]
[WhiteFideId "24173770"]
[BlackFideId "25059009"]
[WhiteElo "2200"]
[BlackElo "2333"]
[Result "1-0"]
[Round "11"]
[TimeControl "180+1"]
[Date "2022.11.16"]
[WhiteClock "0:00:16"]
[BlackClock "0:00:18"]

1. d4 Nf6 2. Nc3 d5 3. Bf4 Bf5 4. e3 e6 5. Be2 Bd6 6. g4 Bg6 7. Bxd6 Qxd6 8. h4 h6 9. Nh3 Ne4 10. Nxe4 Bxe4 11. Bf3 Bxf3 12. Qxf3 Qb4+ 13. Kf1 Qxb2 14. Kg2 Qc3 15. Rab1 b6 16. Nf4 Nd7 17. g5 hxg5 18. hxg5 Rxh1 19. Rxh1 O-O-O 20. g6 Qxc2 21. gxf7 Qf5 22. Qh5 g5 23. Nh3 Qe4+ 24. f3 Qc2+ 25. Kg3 g4 26. Qxg4 Qh7 27. Qxe6 Qg7+ 28. Kf2 Kb8 29. Rg1 Qh7 30. Rg8 Qh4+ 31. Kg2 Nf8 32. Qe8 Kb7 33. Rxf8 Rd6 34. Qc8+ Kc6 35. Rg8 Qe1 36. f8=Q Qxe3 37. Qfe8+ 1-0


[Site "https://www.chess.com"]

[Event "Titled Tuesday Blitz November 15 Early 2022"]
[White "Gonzalez, Francisco Silva"]
[Black "Zaichenko, Daria"]
[WhiteFideId "1512285"]
[BlackFideId "4197453"]
[WhiteElo "2159"]
[BlackElo "2039"]
[Result "0-1"]
[Round "11"]
[TimeControl "180+1"]
[Date "2022.11.16"]
[WhiteClock "0:01:35"]
[BlackClock "0:00:34"]

1. d4 d5 2. c4 e6 3. Nc3 Be7 4. cxd5 exd5 5. Qb3 c6 6. e4 dxe4 7. Bc4 Be6 8. Bxe6 fxe6 9. Qxb7 Nd7 10. Qxc6 Nf6 11. Qxe6 Rb8 12. Nge2 Rb6 13. Qc4 Rb4 14. Qe6 Rb6 15. Qf5 O-O 16. O-O Bd6 17. Nxe4 Nxe4 18. Qxe4 Nf6 19. Qh4 Qd7 20. h3 Be7 21. Nc3 Nd5 22. Qe4 Nb4 23. Be3 Re6 24. Qb1 Rg6 25. a3 Nd5 26. Qa2 Rf5 27. Nxd5 Rxd5 28. Rac1 h6 29. Rc8+ Kh7 30. Kh1 Rh5 31. Qc4 Rxh3+ 32. Kg1 Rxg2+ 0-1


[Site "https://www.chess.com"]

[Event "Titled Tuesday Blitz November 15 Early 2022"]
[White "Grapsa, Georgia"]
[Black "Mejia, Cherry Ann"]
[WhiteFideId "4206436"]
[BlackFideId "5206880"]
[WhiteElo "1877"]
[BlackElo "2007"]
[Result "1-0"]
[Round "11"]
[TimeControl "180+1"]
[Date "2022.11.16"]
[WhiteClock "0:00:10"]
[BlackClock "0:00:01"]

1. e4 c5 2. Nc3 a6 3. g3 b5 4. Bg2 Bb7 5. d3 e6 6. f4 Nf6 7. Nf3 d5 8. e5 Ng8 9. Ne2 h5 10. c3 Nh6 11. d4 Nf5 12. Bh3 g6 13. Bxf5 gxf5 14. Be3 Qb6 15. dxc5 Bxc5 16. Bxc5 Qxc5 17. Qd4 Nd7 18. O-O-O Rc8 19. Kb1 Nb6 20. Qxc5 Rxc5 21. Ned4 Nc4 22. Rhe1 Ke7 23. Re2 Rhc8 24. Ne1 R5c7 25. Nef3 Bc6 26. Kc2 Bd7 27. Kd3 a5 28. Rc2 Nb6 29. Ke2 b4 30. Rdc1 Rc4 31. cxb4 axb4 32. b3 Rc3 33. Rxc3 bxc3 34. Kd3 Ra8 35. a4 Nxa4 36. bxa4 Rxa4 37. Rxc3 Ra2 38. Rc2 Ra3+ 39. Ke2 Ra1 40. Kf2 Ra3 41. Kg2 Ra8 42. Kh3 Rh8 43. Kh4 f6 44. exf6+ Kxf6 45. Ne5 Be8 46. Rc7 Rg8 47. Kh3 h4 48. Ra7 hxg3 49. hxg3 Rh8+ 50. Kg2 Rg8 51. Ra6 Bf7 52. Nxf7 Kxf7 53. Rxe6 Rc8 54. Re5 Rc4 55. Rxd5 1-0


[Site "https://www.chess.com"]

[Event "Titled Tuesday Blitz November 15 Early 2022"]
[White "Gurevich, Dmitry"]
[Black "Saya, Ethan"]
[WhiteFideId "2000407"]
[BlackFideId "26095181"]
[WhiteElo "2506"]
[BlackElo "2162"]
[Result "1-0"]
[Round "11"]
[TimeControl "180+1"]
[Date "2022.11.16"]
[WhiteClock "0:00:22"]
[BlackClock "0:00:01"]

1. d4 Nf6 2. c4 e6 3. Nf3 d5 4. Nc3 c6 5. e3 Nbd7 6. Qc2 Bd6 7. b3 Qe7 8. Be2 e5 9. cxd5 cxd5 10. Nb5 Bb4+ 11. Bd2 O-O 12. dxe5 Nxe5 13. Nxe5 Qxe5 14. O-O Bf5 15. Qd1 Bxd2 16. Qxd2 a6 17. Qd4 Qxd4 18. Nxd4 Bd7 19. f3 Rfc8 20. Rfc1 Kf8 21. Kf2 Ke7 22. g4 Kd6 23. g5 Ng8 24. h4 Ne7 25. Bd3 g6 26. Kg3 Nc6 27. Kf4 Ne5 28. Be2 Rxc1 29. Rxc1 Rf8 30. Kg3 f6 31. gxf6 Rxf6 32. a4 Nc6 33. Rd1 Ne7 34. a5 Ke5 35. Rc1 Kd6 36. b4 Nf5+ 37. Nxf5+ Bxf5 38. Rd1 Ke5 39. f4+ Kd6 40. Bf3 Be6 41. Bxd5 Bxd5 42. e4 Kc6 43. Rxd5 Re6 44. Kf3 Rf6 45. h5 1-0


[Site "https://www.chess.com"]

[Event "Titled Tuesday Blitz November 15 Early 2022"]
[White "Hadzovic, Amir"]
[Black "Sargsyan, Anna M."]
[WhiteFideId "14402300"]
[BlackFideId "13308130"]
[WhiteElo "2262"]
[BlackElo "2284"]
[Result "0-1"]
[Round "11"]
[TimeControl "180+1"]
[Date "2022.11.16"]
[WhiteClock "0:00:01"]
[BlackClock "0:00:16"]

1. e4 c6 2. Nf3 d5 3. d3 Bg4 4. Be2 e6 5. O-O Nd7 6. h3 Bh5 7. b3 Ngf6 8. Nbd2 Bxf3 9. Bxf3 Bd6 10. Bb2 O-O 11. Qe2 Qc7 12. Rfe1 Be5 13. d4 Bh2+ 14. Kh1 dxe4 15. Nxe4 Bf4 16. g3 Bh6 17. Rad1 Rad8 18. Bg2 Rfe8 19. a4 Nxe4 20. Qxe4 Nf6 21. Qe5 Qc8 22. c4 Nd7 23. Qa5 a6 24. d5 b6 25. Qd2 Bxd2 26. Rxd2 exd5 27. Red1 Nc5 28. cxd5 cxd5 29. Bxd5 h6 30. Ba3 Qxh3+ 31. Kg1 Ne6 32. Bb2 Qh5 33. Kg2 Qg6 34. Kf1 Rxd5 35. Rxd5 Qe4 36. Be5 Qh1+ 37. Ke2 Qe4+ 38. Kf1 Rc8 39. Kg1 Rc2 40. Bd4 Qxd5 41. Bxg7 0-1


[Site "https://www.chess.com"]

[Event "Titled Tuesday Blitz November 15 Early 2022"]
[White "Hajiyev, Kanan"]
[Black "Kaidanov, Gregory"]
[WhiteFideId "13404148"]
[BlackFideId "2008564"]
[WhiteElo "2118"]
[BlackElo "2610"]
[Result "0-1"]
[Round "11"]
[TimeControl "180+1"]
[Date "2022.11.16"]
[WhiteClock "0:00:07"]
[BlackClock "0:01:07"]

1. d4 e6 2. Nf3 c5 3. e3 d5 4. c4 Nf6 5. Nc3 a6 6. cxd5 exd5 7. Be2 Nc6 8. O-O c4 9. a4 Bd6 10. b3 cxb3 11. Qxb3 O-O 12. Ba3 Na5 13. Qc2 Bg4 14. Bxd6 Qxd6 15. Ne5 Bxe2 16. Nxe2 Rac8 17. Qf5 Nb3 18. Ra2 g6 19. Qf4 Qe6 20. Qh6 Rc7 21. Nf4 Qd6 22. h4 Rfc8 23. h5 Rc1 24. Rxc1 Rxc1+ 25. Kh2 Qxe5 26. dxe5 Ng4+ 27. Kg3 Nxh6 28. Rb2 Nc5 29. Nxd5 Kg7 30. hxg6 hxg6 31. a5 Nf5+ 32. Kf3 Nd3 33. Rxb7 Nxe5+ 34. Ke4 Nc4 35. Rc7 Ncd6+ 36. Kd3 Rd1+ 0-1


[Site "https://www.chess.com"]

[Event "Titled Tuesday Blitz November 15 Early 2022"]
[White "Harsha Bharathakoti"]
[Black "Buksa, Nataliya"]
[WhiteFideId "5078776"]
[BlackFideId "14123622"]
[WhiteElo "2523"]
[BlackElo "2313"]
[Result "1-0"]
[Round "11"]
[TimeControl "180+1"]
[Date "2022.11.15"]
[WhiteClock "0:00:20"]
[BlackClock "0:00:02"]

1. e4 c5 2. Nf3 Nc6 3. Bb5 g6 4. Bxc6 bxc6 5. O-O Bg7 6. c3 d6 7. Re1 Qc7 8. d4 cxd4 9. cxd4 Nf6 10. h3 O-O 11. Bf4 c5 12. dxc5 Qxc5 13. Nc3 Bb7 14. e5 dxe5 15. Bxe5 Rfd8 16. Qe2 Rac8 17. Rac1 Qa5 18. Nd4 Nd5 19. Bxg7 Kxg7 20. Qe5+ Kg8 21. Ne4 Rxc1 22. Rxc1 Qxa2 23. Nf5 gxf5 24. Ng3 Qa6 25. Nxf5 Qf6 26. Qg3+ Kh8 27. Qf3 e6 28. Qb3 Qxf5 29. Qxb7 Qg5 30. Re1 Rg8 31. g3 Qh5 32. Qxa7 Rg6 33. Qd4+ Nf6 34. h4 Kg7 35. b4 Qd5 36. Qc3 Rg4 37. Re5 Qc4 38. Rg5+ 1-0


[Site "https://www.chess.com"]

[Event "Titled Tuesday Blitz November 15 Early 2022"]
[White "Hirneise, Jens"]
[Black "Deuer, Marius"]
[WhiteFideId "24614734"]
[BlackFideId "16236432"]
[WhiteElo "2344"]
[BlackElo "2226"]
[Result "1-0"]
[Round "11"]
[TimeControl "180+1"]
[Date "2022.11.16"]
[WhiteClock "0:00:46"]
[BlackClock "0:00:56"]

1. d4 Nf6 2. c4 e6 3. Nc3 c5 4. Nf3 cxd4 5. Nxd4 Nc6 6. e3 Bb4 7. Bd2 O-O 8. Be2 d5 9. cxd5 exd5 10. O-O Nxd4 11. exd4 Bf5 12. Qb3 a5 13. Bf3 Qd7 14. a3 Bxc3 15. Bxc3 Be4 16. Be2 h5 17. Rfe1 h4 18. f3 Bg6 19. Qb5 Qf5 20. Bf1 Nh5 21. Re5 Qf6 22. Qxd5 h3 23. Rxh5 hxg2 24. Bxg2 Rad8 25. Qe5 Bxh5 26. Qxh5 Rxd4 27. Bxd4 Qxd4+ 28. Kh1 Qxb2 29. Rg1 Qxa3 30. Qe5 f6 31. Qd5+ Kh8 32. Bh3 Qb2 33. Qh5+ Kg8 34. Be6+ 1-0


[Site "https://www.chess.com"]

[Event "Titled Tuesday Blitz November 15 Early 2022"]
[White "Hoffmann, Asa"]
[Black "Callejas Rojas, Francisco Miguel"]
[WhiteFideId "2001470"]
[BlackFideId "32072503"]
[WhiteElo "2117"]
[BlackElo "2274"]
[Result "1-0"]
[Round "11"]
[TimeControl "180+1"]
[Date "2022.11.16"]
[WhiteClock "0:00:14"]
[BlackClock "0:00:02"]

1. d4 Nf6 2. Bg5 g6 3. Nc3 Bg7 4. e4 d6 5. f3 c6 6. Qd2 b5 7. Bd3 Nbd7 8. Nge2 a6 9. a4 Bb7 10. O-O O-O 11. Bh6 e5 12. Bxg7 Kxg7 13. f4 Qb6 14. fxe5 dxe5 15. Qe3 Ng4 16. Qg3 exd4 17. Qxg4 dxc3+ 18. Kh1 cxb2 19. Rab1 Ne5 20. Qg3 Rae8 21. Rxb2 c5 22. Nf4 c4 23. Be2 Qd4 24. c3 Qd6 25. axb5 Kh8 26. bxa6 Bxe4 27. Qh4 Qxa6 28. Nh3 Bf5 29. Ng5 h5 30. Bxh5 gxh5 31. Qxh5+ Kg8 32. Rbf2 Bg6 33. Qh6 Qa2 34. Rxa2 1-0


[Site "https://www.chess.com"]

[Event "Titled Tuesday Blitz November 15 Early 2022"]
[White "Howell, David W L"]
[Black "Zacurdajev, Dmitry"]
[WhiteFideId "410608"]
[BlackFideId "4196309"]
[WhiteElo "2567"]
[BlackElo "2179"]
[Result "1-0"]
[Round "11"]
[TimeControl "180+1"]
[Date "2022.11.16"]
[WhiteClock "0:00:20"]
[BlackClock "0:00:01"]

1. h3 d5 2. d4 Nf6 3. Nf3 e6 4. e3 Be7 5. b3 O-O 6. Bb2 b6 7. Nbd2 c5 8. dxc5 bxc5 9. c4 Nc6 10. cxd5 exd5 11. Be2 Bf5 12. O-O Nb4 13. a3 Bc2 14. Qc1 Bd3 15. Qd1 Bc2 16. Qc1 Bd3 17. Bxd3 Nxd3 18. Qc2 Nxb2 19. Qxb2 Rb8 20. Rac1 Qb6 21. Qc2 Rfd8 22. Rfd1 a5 23. Ne5 Bd6 24. Nd3 a4 25. bxa4 c4 26. Nb4 Bxb4 27. axb4 Qxb4 28. Nf3 Ne4 29. Nd4 c3 30. Nc6 Qb2 31. Nxd8 1-0


[Site "https://www.chess.com"]

[Event "Titled Tuesday Blitz November 15 Early 2022"]
[White "Ibarra Jerez, Jose Carlos"]
[Black "Papasimakopoulos, Alexandros"]
[WhiteFideId "2226332"]
[BlackFideId "4244125"]
[WhiteElo "2638"]
[BlackElo "2365"]
[Result "1-0"]
[Round "11"]
[TimeControl "180+1"]
[Date "2022.11.15"]
[WhiteClock "0:00:48"]
[BlackClock "0:00:28"]

1. e4 e6 2. d4 d5 3. Nd2 Nf6 4. e5 Nfd7 5. f4 c5 6. c3 Nc6 7. Ndf3 cxd4 8. cxd4 a5 9. Bd3 a4 10. a3 Nb6 11. Ne2 g6 12. O-O Na5 13. Rb1 Nb3 14. Be3 Nc4 15. Bxc4 dxc4 16. Nc3 Bg7 17. Qe2 Na5 18. d5 exd5 19. Bc5 Be6 20. Rbd1 Nb3 21. Bb4 Bf8 22. Bxf8 Kxf8 23. Qf2 Kg7 24. Nd4 Nxd4 25. Rxd4 Qb6 26. h3 h5 27. Rfd1 Rad8 28. Qh4 Kh7 29. Rd2 Rd7 30. Kh2 Qd8 31. Qf2 Qa8 32. Qf3 Rhd8 33. g4 hxg4 34. hxg4 Qb8 35. Qg3 b5 36. f5 b4 37. axb4 Qxb4 38. fxe6 fxe6 39. Qh4+ Kg8 40. Qf6 Qb6 41. Ne4 Rg7 42. Ng5 Re8 43. Rxd5 Qe3 44. Qxe6+ Kf8 45. Qxe8+ Kxe8 46. Rd8+ Ke7 47. R2d7# 1-0


[Site "https://www.chess.com"]

[Event "Titled Tuesday Blitz November 15 Early 2022"]
[White "Ilkhomi, Jaloliddin"]
[Black "Skliarov, Viktor"]
[WhiteFideId "14700948"]
[BlackFideId "14106736"]
[WhiteElo "2045"]
[BlackElo "2284"]
[Result "1/2-1/2"]
[Round "11"]
[TimeControl "180+1"]
[Date "2022.11.16"]
[WhiteClock "0:02:16"]
[BlackClock "0:02:09"]

1. d4 Nf6 2. Nf3 g6 3. Bg5 Bg7 4. c3 O-O 5. Nbd2 d5 6. e3 Bf5 7. Nh4 Bg4 8. Be2 Bxe2 9. Qxe2 h6 10. Bxf6 Bxf6 11. Nhf3 Nd7 12. e4 dxe4 13. Nxe4 Bg7 14. O-O Nf6 15. Rfe1 e6 16. Nxf6+ Bxf6 17. Ne5 Kg7 18. Ng4 h5 19. Nxf6 Qxf6 20. Qe5 Qxe5 21. Rxe5 c6 22. a4 Rfd8 23. a5 Rd5 24. Rxd5 exd5 25. Re1 1/2-1/2


[Site "https://www.chess.com"]

[Event "Titled Tuesday Blitz November 15 Early 2022"]
[White "Ivic, Velimir"]
[Black "Fedoseev, Vladimir"]
[WhiteFideId "950122"]
[BlackFideId "24130737"]
[WhiteElo "2625"]
[BlackElo "2726"]
[Result "0-1"]
[Round "11"]
[TimeControl "180+1"]
[Date "2022.11.15"]
[WhiteClock "0:00:09"]
[BlackClock "0:00:14"]

1. e4 c6 2. d4 d5 3. Nd2 dxe4 4. Nxe4 Nd7 5. Ng5 Ngf6 6. Bd3 g6 7. N1f3 Bg7 8. Qe2 O-O 9. O-O c5 10. dxc5 Nxc5 11. Bc4 h6 12. Nxf7 Rxf7 13. Bxf7+ Kxf7 14. Qc4+ Qd5 15. Ne5+ Kg8 16. Qxd5+ Nxd5 17. Nxg6 Kf7 18. Nf4 Nb4 19. Be3 Na4 20. c3 Nc2 21. Rac1 Bf5 22. g4 Bh7 23. Nh5 Nxb2 24. Nxg7 Kxg7 25. Bd4+ Kf7 26. Rb1 Nxd4 27. Rxb2 Nf3+ 28. Kg2 Be4 29. Kg3 Rd8 30. Rb4 Rd3 31. Kf4 Bc6 32. Rc1 Nh4 33. Ke5 Ng6+ 0-1


[Site "https://www.chess.com"]